 Dungeon Crawl Stone Soup version 0.20-a0-848-g73d9be0 (webtiles) character file.

127 4thArraOfDagon the Bolt Thrower (level 4, -7/35 HPs)
             Began as a Mummy Wanderer on Mar 9, 2017.
             Was a Believer of Lugonu.
             Mangled by a river rat (9 damage)
             ... in a sewer.
             The game lasted 00:04:11 (674 turns).

4thArraOfDagon the Bolt Thrower (Mummy Wanderer)     Turns: 674, Time: 00:04:12

Health: -7/35      AC:  3    Str: 15    XL:     4   Next: 85%
Magic:  4/4        EV: 11    Int: 11    God:    Lugonu [**....]
Gold:   163        SH:  0    Dex: 12    Spells: 3/3 levels left

rFire    x . .     SeeInvis .   c - +0 hand crossbow
rCold    + . .     Gourm    .   f - +0 robe
rNeg     + + +     Faith    .   (no shield)
rPois    ∞         Spirit   .   i - +0 helmet
rElec    .         Reflect  .   (no cloak)
rCorr    .         Harm     .   (no gloves)
MR       .....                  (no boots)
Stlth    +.........             (no amulet)
Regen    0.2/turn               (no ring)
MPRegen  0.1/turn               (no ring)

@: no status effects
A: no food or potions, fire vulnerability, cold resistance 1, negative energy
resistance 3, torment resistance, unbreathing
a: Depart the Abyss, Bend Space, Renounce Religion


You were in a sewer.
You worshipped Lugonu.
Lugonu was pleased with you.
You were not hungry.

You visited 1 branch of the dungeon, and saw 4 of its levels.
You also visited: Sewer.

You collected 163 gold pieces.

Inventory:

Hand Weapons
 a - a +2 shortbow
 c - a +0 hand crossbow (weapon)
 e - a +0 mace
Missiles
 b - 56 arrows
 d - 36 bolts (quivered)
 h - 5 exploding tomahawks
Armour
 f - a +0 robe (worn)
 i - a +0 helmet (worn)
Scrolls
 g - 2 scrolls of teleportation {unknown}
 j - a scroll of identify {unknown}
 k - a scroll of fog {unknown}
 l - 2 scrolls of blinking {unknown}
 m - a scroll of amnesia {unknown}


   Skills:
 - Level 3.0 Fighting
 - Level 1.2 Maces & Flails
 - Level 1.5 Bows
 * Level 3.6 Crossbows
 - Level 1.5 Armour
   Level 1.0 Shields
   Level 1.0 Evocations


You had 3 spell levels left.
You didn't know any spells.

Dungeon Overview and Level Annotations

Branches:
Dungeon (4/15)
 Temple: D:4-7

Altars:
Lugonu

Annotations:
D:4 Duskembrace's ghost, amateur DsMo


Innate Abilities, Weirdness & Mutations

You do not eat or drink.
Your flesh is vulnerable to fire.
You are immune to poison.
Your flesh is cold resistant. (rC+)
You are immune to negative energy. (rN+++)
You are immune to unholy pain and torment.
You can survive without breathing.


Message History

Firing (i - inventory. (,) - cycle):
d - 39 bolts (quivered)
Press: ? - help, Shift-Dir - straight line, f/p - river rat
Aim: a river rat (almost dead)
You shoot a bolt.
The bolt hits the river rat but does no damage.
The river rat is almost dead.
You hear a splash.
The river rat barely misses you.
Firing (i - inventory. (,) - cycle):
d - 38 bolts (quivered)
Press: ? - help, Shift-Dir - straight line, f/p - river rat
Aim: a river rat (almost dead)
You shoot a bolt. The bolt closely misses the river rat.
The river rat barely misses you. The river rat bites you!
* * * LOW HITPOINT WARNING * * *
Firing (i - inventory. (,) - cycle):
d - 37 bolts (quivered)
Press: ? - help, Shift-Dir - straight line, f/p - river rat
Aim: a river rat (almost dead)
You shoot a bolt. The bolt barely misses the river rat.
The river rat bites you!
You die...

#≈ #≈# #≈#
##≈## ##.≈.##
####.....####..
≈≈≈≈≈≈∩..≈≈≈≈≈.
#≈..∩≈# ##.@≈##
##r## #≈# #(#
##≈## ##...##
Sr.#####..≈.≈#
.≈.≈≈≈≈r≈.(.≈#
...#####..≈..#


You could see a river rat.

Vanquished Creatures
  A howler monkey (D:4)
  Robin (D:2)
  3 adders
  An ooze (D:3)
  3 worms
  A leopard gecko (D:2)
  3 orcs (D:3)
  2 ball pythons
  10 goblins (D:2)
  2 hobgoblins
  A bat (D:3)
  A frilled lizard (D:3)
  A jackal zombie (D:3)
  4 kobolds
  6 rats
40 creatures vanquished.

Notes
Turn   | Place    | Note
-------+----------+-------------------------------------------
     0 | D:1      | 4thArraOfDagon the Mummy Wanderer began the quest for the Orb.
     0 | D:1      | 4thArraOfDagon set off with: a +2 shortbow, 27 arrows, a +0 hand crossbow, 23 bolts, a +0 mace, a +0 robe
     0 | D:1      | Reached XP level 1. HP: 18/18 MP: 1/1
   111 | D:2      | Reached skill level 1 in Crossbows
   111 | D:2      | Reached XP level 2. HP: 24/24 MP: 2/2
   244 | D:2      | Reached XP level 3. HP: 26/29 MP: 3/3
   248 | D:2      | Noticed Robin
   253 | D:2      | Killed Robin
   327 | D:2      | Found a faded altar of an unknown god.
   335 | D:2      | Became a worshipper of Lugonu the Unformed
   335 | D:2      | Reached * piety under Lugonu
   335 | D:2      | Reached ** piety under Lugonu
   457 | D:4      | Reached XP level 4. HP: 12/35 MP: 4/4
   463 | D:4      | Noticed Duskembrace's ghost (amateur DsMo)
   599 | D:3      | Found a glowing drain.
   620 | Sewer    | Entered a sewer
   674 | Sewer    | Mangled by a river rat

Vault maps used:
D:1:      lightli_arrival_statuegarden, bh_walls_and_bars
D:2:      grunt_temple_overflow_diamond, chequers_ecumenical_altar_simple_redux,
          minmay_splitting_lines, uniq_robin
D:3:      portal_sewer_entry_b, serial_undead, serial_undead_e, serial_undead_b,
          serial_undead_f, serial_undead_a
D:4:      minmay_temple_entry_enclosed_plants
Sewer:    sewer_co_15_rooms

Skill      XL: |  1  2  3 |
---------------+----------+-----
Crossbows      | 1 2 3 |  3.6
Fighting       | |  3.0
Maces & Flails | |  1.2
Bows           | |  1.5
Armour         | |  1.5
Shields        | |  1.0
Evocations     | |  1.0

Action                   |  1- 3 |  4- 6 || total
-------------------------+-------+-------++-------
 Fire: Shortbow          |    72 |    53 ||   125
       Hand crossbow     |       |     5 ||     5
Armor: Robe              |    12 |     5 ||    17
Dodge: Dodged            |    13 |    21 ||    34
